TOP OF THE 1ST |
San Francisco Giants batting - Pitching for Washington Nationals : LHP Nestor Cortes
|
Pitching: LHP Nestor Cortes
|
|
Batting: LHB Andrew Benintendi
|
0-0: Ball 1-0: Ball 2-0: Ball 3-0: Foul Ball, location: 2LF 3-1: Called Strike 3-2: Fly out, F9 (Flyball, 9S, EV 77.5 MPH)
|
Batting: RHB Jose Miranda
|
0-0: Ball 1-0: Ball 2-0: Ball 3-0: Called Strike 3-1: Foul Ball, location: 5F 3-2: Foul Ball, location: 9LDF 3-2: Base on Balls
|
Pitching: LHP D.L. Hall
|
|
Batting: RHB Isaac Paredes
|
0-0: Ball 1-0: Swinging Strike 1-1: Called Strike 1-2: Ball 2-2: Foul Ball, location: 7LMFF 2-2: DOUBLE (Flyball, 8RXD, EV 106.9 MPH) Jose Miranda to third
|
Batting: RHB Javier Baez
|
0-0: Called Strike 0-1: Foul Ball, location: 2F 0-2: Ball 1-2: Strikes out swinging
|
Batting: LHB Michael Busch
|
0-0: Called Strike 0-1: Ball 1-1: Swinging Strike 1-2: Strikes out swinging
|
Top of the 1st over - 0 runs, 1 hit, 0 errors, 2 left on base; San Francisco 0 - Washington 0 |
BOTTOM OF THE 1ST |
Washington Nationals batting - Pitching for San Francisco Giants : LHP Shane McClanahan
|
Pitching: LHP Shane McClanahan
|
|
Batting: SHB Vidal Brujan
|
0-0: Ball 1-0: Foul Ball, location: 23F 1-1: Ball 2-1: Ground out 6-3 (Groundball, 6, EV 106.3 MPH)
|
Batting: RHB Manuel Margot
|
0-0: Fly out, F9 (Flyball, 9, EV 97.5 MPH)
|
Batting: LHB Nolan Gorman
|
0-0: Ball 1-0: Called Strike 1-1: Ball 2-1: Foul Ball, location: 2F 2-2: Ball 3-2: Strikes out looking
|
Bottom of the 1st over - 0 runs, 0 hits, 0 errors, 0 left on base; San Francisco 0 - Washington 0 |
TOP OF THE 2ND |
San Francisco Giants batting - Pitching for Washington Nationals : LHP D.L. Hall
|
Batting: LHB Eddie Rosario
|
0-0: Called Strike 0-1: Ball 1-1: Called Strike 1-2: Foul Ball, location: 2F 1-2: Ball 2-2: Strikes out swinging
|
Batting: RHB Spencer Steer
|
0-0: Ball 1-0: Foul Ball, location: 2LF 1-1: Foul Ball, location: 2F 1-2: Strikes out swinging
|
Batting: SHB Keibert Ruiz
|
0-0: Ball 1-0: Foul Ball, location: 2F 1-1: Called Strike 1-2: Foul Ball, location: 9LSF 1-2: Ball 2-2: Ground out 6-3 (Groundball, 6, EV 106.9 MPH)
|
Top of the 2nd over - 0 runs, 0 hits, 0 errors, 0 left on base; San Francisco 0 - Washington 0 |
BOTTOM OF THE 2ND |
Washington Nationals batting - Pitching for San Francisco Giants : LHP Shane McClanahan
|
Batting: RHB Giancarlo Stanton
|
0-0: Ball 1-0: Called Strike 1-1: Foul Ball, location: 9LSF 1-2: Fly out, F7 (Flyball, 78D, EV 93.1 MPH)
|
Batting: LHB Brandon Crawford
|
0-0: Ball 1-0: Called Strike 1-1: Ball 2-1: Foul Ball, location: 7LMF 2-2: Foul Ball, location: 2F 2-2: Foul Ball, location: 5DF 2-2: Foul Ball, location: 3F 2-2: Ground out 1-3 (Groundball, P, EV 70.0 MPH)
|
Batting: LHB Anthony Rizzo
|
0-0: Ball 1-0: Ball 2-0: Foul Ball, location: 7LDF 2-1: Foul Ball, location: 2F 2-2: Strikes out swinging
|
Bottom of the 2nd over - 0 runs, 0 hits, 0 errors, 0 left on base; San Francisco 0 - Washington 0 |
TOP OF THE 3RD |
San Francisco Giants batting - Pitching for Washington Nationals : LHP D.L. Hall
|
Pitching: RHP Alex Reyes
|
|
Batting: RHB Ceddanne Rafaela
|
0-0: Ball 1-0: Foul Ball, location: 3FF 1-1: Foul Ball, location: 23FF 1-2: Ball 2-2: Foul Ball, location: 2F 2-2: Foul Ball, location: 23F 2-2: Foul Ball, location: 5FF 2-2: Ground out 2-3 (Groundball, 13S, EV 77.5 MPH)
|
Batting: LHB Andrew Benintendi
|
0-0: Ball 1-0: DOUBLE (Line Drive, 5D, EV 101.3 MPH)
|
Batting: RHB Jose Miranda
|
0-0: Ball 1-0: Ball Wild Pitch! Andrew Benintendi to third 2-0: SINGLE (Line Drive, 9LS, EV 90.0 MPH) Andrew Benintendi scores
|
Batting: RHB Isaac Paredes
|
0-0: Foul Ball, location: 2F 0-1: Swinging Strike 0-2: Ball 1-2: Ball 2-2: SINGLE (Groundball, 56D, EV 105.0 MPH) Jose Miranda to second
|
Batting: RHB Javier Baez
|
0-0: Ball 1-0: Ball 2-0: Fly out, F7 (Flyball, 7, EV 86.3 MPH)
|
Batting: LHB Michael Busch
|
0-0: Called Strike 0-1: Ground out U3 (Groundball, 3, EV 81.3 MPH)
|
Top of the 3rd over - 1 run, 3 hits, 0 errors, 2 left on base; San Francisco 1 - Washington 0 |
BOTTOM OF THE 3RD |
Washington Nationals batting - Pitching for San Francisco Giants : LHP Shane McClanahan
|
Batting: RHB Luis Campusano
|
0-0: Swinging Strike 0-1: Foul Ball, location: 23F 0-2: Strikes out swinging
|
Batting: RHB Jose Iglesias
|
0-0: Ball 1-0: Ball 2-0: Called Strike 2-1: Called Strike 2-2: Strikes out looking
|
Batting: RHB Michael A. Taylor
|
0-0: Ground out 6-3 (Groundball, 56D, EV 106.3 MPH)
|
Bottom of the 3rd over - 0 runs, 0 hits, 0 errors, 0 left on base; San Francisco 1 - Washington 0 |
TOP OF THE 4TH |
San Francisco Giants batting - Pitching for Washington Nationals : RHP Alex Reyes
|
Batting: LHB Eddie Rosario
|
0-0: Foul Ball, location: 7LMF 0-1: Ball 1-1: Called Strike 1-2: Foul Ball, location: 9LDF 1-2: Foul Ball, location: 7LSF 1-2: Ball 2-2: SINGLE (Flyball, 7S, EV 95.0 MPH)
|
Pitching: RHP Colby White
|
|
Batting: RHB Spencer Steer
|
0-0: Called Strike 0-1: Ground out 5-3 (Groundball, 56, EV 106.9 MPH) Eddie Rosario to second
|
Batting: SHB Keibert Ruiz
|
0-0: Ball 1-0: Ball 2-0: Ball 3-0: Called Strike 3-1: Base on Balls
|
Batting: RHB Ceddanne Rafaela
|
0-0: Foul Ball, location: 2F 0-1: Ball 1-1: Ball 2-1: Foul Ball, location: 2F 2-2: Strikes out swinging
|
Batting: LHB Andrew Benintendi
|
0-0: Ball 1-0: Foul Ball, location: 7LDF 1-1: Ground out 6-3 (Groundball, P, EV 88.1 MPH)
|
Top of the 4th over - 0 runs, 1 hit, 0 errors, 2 left on base; San Francisco 1 - Washington 0 |
BOTTOM OF THE 4TH |
Washington Nationals batting - Pitching for San Francisco Giants : LHP Shane McClanahan
|
Batting: SHB Vidal Brujan
|
0-0: Ball 1-0: Called Strike 1-1: Ball 2-1: Foul Ball, location: 2LF 2-2: Foul Ball, location: 9LDF 2-2: Strikes out swinging
|
Batting: RHB Manuel Margot
|
0-0: Called Strike 0-1: SINGLE (Line Drive, 4M, EV 95.0 MPH)
|
Batting: LHB Nolan Gorman
|
0-0: Called Strike Manuel Margot steals 2nd base 0-1: Foul Ball, location: 7LSF 0-2: Strikes out swinging
|
Batting: RHB Giancarlo Stanton
|
0-0: Called Strike 0-1: Fly out, F9 (Flyball, 89XD, EV 92.5 MPH)
|
Bottom of the 4th over - 0 runs, 1 hit, 0 errors, 1 left on base; San Francisco 1 - Washington 0 |
TOP OF THE 5TH |
San Francisco Giants batting - Pitching for Washington Nationals : RHP Colby White
|
Pitching: RHP Ben Joyce
|
|
Batting: RHB Jose Miranda
|
0-0: Fly out, F6 (Line Drive, 6, EV 70.6 MPH)
|
Batting: RHB Isaac Paredes
|
0-0: Called Strike 0-1: Called Strike 0-2: Strikes out looking
|
Batting: RHB Javier Baez
|
0-0: Ground out 6-3 (Groundball, 6, EV 88.8 MPH)
|
Top of the 5th over - 0 runs, 0 hits, 0 errors, 0 left on base; San Francisco 1 - Washington 0 |
BOTTOM OF THE 5TH |
Washington Nationals batting - Pitching for San Francisco Giants : LHP Shane McClanahan
|
Batting: LHB Brandon Crawford
|
0-0: Ground out 6-3 (Groundball, 6, EV 110.0 MPH)
|
Batting: LHB Anthony Rizzo
|
0-0: Called Strike 0-1: Ball 1-1: Ground out U3 (Groundball, 3, EV 86.3 MPH)
|
Batting: RHB Luis Campusano
|
0-0: Foul Ball, location: 7LSF 0-1: Ground out 5-3 (Groundball, 56, EV 89.4 MPH)
|
Bottom of the 5th over - 0 runs, 0 hits, 0 errors, 0 left on base; San Francisco 1 - Washington 0 |
TOP OF THE 6TH |
San Francisco Giants batting - Pitching for Washington Nationals : RHP Ben Joyce
|
Batting: LHB Michael Busch
|
0-0: Called Strike 0-1: Foul Ball, location: 2F 0-2: Foul Ball, location: 2F 0-2: Fly out, F9 (Flyball, 9D, EV 103.8 MPH)
|
Batting: LHB Eddie Rosario
|
0-0: Ball 1-0: Called Strike 1-1: Ball 2-1: Ball 3-1: Swinging Strike 3-2: Strikes out swinging
|
Batting: RHB Spencer Steer
|
0-0: Ball 1-0: Called Strike 1-1: Ball 2-1: Fly out, F8 (Flyball, 8RXD, EV 94.4 MPH)
|
Top of the 6th over - 0 runs, 0 hits, 0 errors, 0 left on base; San Francisco 1 - Washington 0 |
BOTTOM OF THE 6TH |
Washington Nationals batting - Pitching for San Francisco Giants : LHP Shane McClanahan
|
Batting: RHB Jose Iglesias
|
0-0: Ball 1-0: Foul Ball, location: 9LMF 1-1: DOUBLE (Line Drive, 7LM, EV 106.9 MPH)
|
Batting: RHB Michael A. Taylor
|
0-0: Ball 1-0: Called Strike 1-1: Ball 2-1: Fly out, F3 (Popup, 3SF, EV 73.1 MPH)
|
Batting: SHB Vidal Brujan
|
0-0: Foul Ball, location: 3F 0-1: Ball 1-1: Ball 2-1: Ball 3-1: Called Strike 3-2: Fly out, F7 (Line Drive, 7S, EV 102.5 MPH)
|
Batting: RHB Manuel Margot
|
0-0: Swinging Strike 0-1: Ground out 6-3 (Groundball, 6, EV 81.9 MPH)
|
Bottom of the 6th over - 0 runs, 1 hit, 0 errors, 1 left on base; San Francisco 1 - Washington 0 |
TOP OF THE 7TH |
San Francisco Giants batting - Pitching for Washington Nationals : RHP Ben Joyce
|
Pitching: RHP Scott Barlow
|
|
Batting: SHB Keibert Ruiz
|
0-0: Called Strike 0-1: Swinging Strike 0-2: Ball 1-2: Strikes out swinging
|
Batting: RHB Ceddanne Rafaela
|
0-0: Called Strike 0-1: Ball 1-1: Ball 2-1: Ball 3-1: Called Strike 3-2: Fly out, F9 (Flyball, 89M, EV 97.5 MPH)
|
Batting: LHB Andrew Benintendi
|
0-0: Foul Ball, location: 9LSF 0-1: Ball 1-1: Ball 2-1: Called Strike 2-2: Ball 3-2: Fly out, F6 (Line Drive, 6M, EV 70.0 MPH)
|
Top of the 7th over - 0 runs, 0 hits, 0 errors, 0 left on base; San Francisco 1 - Washington 0 |
BOTTOM OF THE 7TH |
Washington Nationals batting - Pitching for San Francisco Giants : LHP Shane McClanahan
|
Batting: LHB Nolan Gorman
|
0-0: Ball 1-0: Swinging Strike 1-1: Called Strike 1-2: Strikes out swinging
|
Batting: RHB Giancarlo Stanton
|
0-0: Called Strike 0-1: Fly out, F8 (Flyball, 78M, EV 76.3 MPH)
|
Batting: LHB Brandon Crawford
|
0-0: Ball 1-0: Foul Ball, location: 2F 1-1: Ball 2-1: Ball 3-1: Fly out, F8 (Line Drive, 8LS, EV 85.0 MPH)
|
Bottom of the 7th over - 0 runs, 0 hits, 0 errors, 0 left on base; San Francisco 1 - Washington 0 |
TOP OF THE 8TH |
San Francisco Giants batting - Pitching for Washington Nationals : RHP Scott Barlow
|
Pitching: RHP Griffin Jax
|
|
Batting: RHB Jose Miranda
|
0-0: Called Strike 0-1: Ball 1-1: Called Strike 1-2: Foul Ball, location: 3FF 1-2: Ball 2-2: SINGLE (Groundball, 4MD, EV 104.4 MPH)
|
Batting: RHB Isaac Paredes
|
0-0: Called Strike 0-1: Ball 1-1: Ball 2-1: Called Strike 2-2: Grounds into double play, 6-4-3 (Groundball, 6, EV 85.6 MPH)
|
Batting: RHB Javier Baez
|
0-0: Called Strike 0-1: Foul Ball, location: 2F 0-2: Ball 1-2: Ground out 6-3 (Groundball, 56, EV 106.3 MPH)
|
Top of the 8th over - 0 runs, 1 hit, 0 errors, 0 left on base; San Francisco 1 - Washington 0 |
BOTTOM OF THE 8TH |
Washington Nationals batting - Pitching for San Francisco Giants : LHP Shane McClanahan
|
Batting: LHB Anthony Rizzo
|
0-0: Called Strike 0-1: Ball 1-1: Called Strike 1-2: Ball 2-2: Strikes out swinging
|
Pitching: RHP Colin Selby
|
|
Batting: RHB Luis Campusano
|
0-0: Ball 1-0: Ground out 6-3 (Groundball, 6, EV 108.8 MPH)
|
Batting: RHB Jose Iglesias
|
0-0: Ball 1-0: Ball 2-0: Called Strike 2-1: Foul Ball, location: 25F 2-2: Strikes out swinging
|
Bottom of the 8th over - 0 runs, 0 hits, 0 errors, 0 left on base; San Francisco 1 - Washington 0 |
TOP OF THE 9TH |
San Francisco Giants batting - Pitching for Washington Nationals : RHP Griffin Jax
|
Pitching: LHP Andrew Chafin
|
|
Pinch Hitting: SHB Adley Rutschman
|
0-0: Ball 1-0: Ball 2-0: Called Strike 2-1: Ground out 6-3 (Groundball, 6, EV 88.1 MPH)
|
Batting: LHB Eddie Rosario
|
0-0: Ball 1-0: Called Strike 1-1: Called Strike 1-2: Ball 2-2: Strikes out looking
|
Batting: RHB Spencer Steer
|
0-0: Called Strike 0-1: Swinging Strike 0-2: SINGLE (Flyball, 5D, EV 94.4 MPH)
|
Batting: SHB Keibert Ruiz
|
0-0: Ball 1-0: Fly out, F5 (Popup, 15, EV 76.9 MPH)
|
Top of the 9th over - 0 runs, 1 hit, 0 errors, 1 left on base; San Francisco 1 - Washington 0 |
BOTTOM OF THE 9TH |
Washington Nationals batting - Pitching for San Francisco Giants : RHP Colin Selby
|
Pitching: LHP Ken Waldichuk
|
|
Now at 1B: Abraham Toro
|
|
Batting: RHB Michael A. Taylor
|
0-0: Ball 1-0: Fly out, F3 (Popup, 3F, EV 62.5 MPH)
|
Batting: SHB Vidal Brujan
|
0-0: Ball 1-0: Ball 2-0: Ball 3-0: Base on Balls
|
Batting: RHB Manuel Margot
|
0-0: Called Strike 0-1: Ball 1-1: Ground out 5-3 (Groundball, P, EV 85.0 MPH) Vidal Brujan to second
|
Batting: LHB Nolan Gorman
|
0-0: Foul Ball, location: 2F 0-1: Ball 1-1: Called Strike 1-2: Fly out, F4 (Popup, 4M, EV 56.3 MPH)
|
Bottom of the 9th over - 0 runs, 0 hits, 0 errors, 1 left on base; San Francisco 1 - Washington 0 |
|